 Dungeon Crawl Stone Soup version 0.16-a0-3807-g3748f16 (webtiles) character file.

3378 Badjas the Gusty (level 9, 0/70 (71) HPs)
             Began as a Demigod Air Elementalist on Jan 25, 2015.
             Slain by a killer bee zombie (4 damage)
             ... on level 8 of the Dungeon on Jan 27, 2015.
             The game lasted 01:14:11 (9631 turns).

Badjas the Gusty (Demigod Air Elementalist)         Turns: 9631, Time: 01:14:11

HP:   0/70 (71)     AC:  2    Str: 11    XL:     9   Next: 46%
MP:   18/24         EV: 22    Int: 25    God:
Gold: 290           SH:  0    Dex: 21    Spells: 5 memorised, 5 levels left

rFire  . . .     SeeInvis +     a - +7 quarterstaff {freeze, SInv}
rCold  . . .     Clarity  .     z - +0 robe
rNeg   . . .     SustAb   +     (no shield)
rPois  .         Gourm    .     (no helmet)
rElec  .         Spirit   .     (no cloak)
rCorr  .         Warding  .     (no gloves)
rMut   .         Stasis   .     (no boots)
MR     .....                    (no amulet)
Stlth  +++.......               (no ring)
                                (no ring)

@: agile, lethally poisoned, sluggish, repel missiles, very slow, not resistant
to hostile enchantments, fairly stealthy
A: sustain abilities
a: no special abilities


You were on level 8 of the Dungeon.
You were not hungry.

You visited 2 branches of the dungeon, and saw 9 of its levels.

You collected 329 gold pieces.
You spent 39 gold pieces at shops.

Inventory:

Hand weapons
 a - the +7 quarterstaff of Ruination (weapon) {freeze, SInv}
   (You found it on level 5 of the Dungeon)

   It has been specially enchanted to freeze those struck by it, causing extra
   injury to most foes and up to half again as much damage against particularly
   susceptible opponents.
   It can also slow down cold-blooded creatures.
   It enhances your eyesight.
 b - a +0 longbow
 h - a +0 mace
 l - a cursed +0 hunting sling
 A - a +0 blowgun
Missiles
 p - 17 arrows of dispersal
 q - 89 arrows
 v - 37 poisoned needles
 D - 2 curare-tipped needles
Armour
 d - a +0 large shield
 z - a +0 robe (worn)
Jewellery
 J - an uncursed ring of positive energy {unknown}
Magical devices
 g - a wand of enslavement (12)
 w - a wand of random effects (31)
 x - a wand of paralysis (15)
 B - a wand of polymorph (3)
 H - a wand of digging (13)
Scrolls
 f - 3 scrolls of enchant weapon {unknown}
 k - 7 scrolls of amnesia {unknown}
 m - a scroll of fear {unknown}
 t - a scroll of teleportation {unknown}
 u - a scroll of random uselessness {unknown}
 y - 6 scrolls of remove curse
 C - a scroll of acquirement {unknown}
 E - 2 scrolls of recharging {unknown}
 F - a scroll of fog {unknown}
Potions
 e - a potion of flight
 r - a potion of cure mutation
Books
 o - a book of Air

   Spells                             Type                      Level
   a - Shock                          Conjuration/Air              1
   b - Swiftness                      Charms/Air                   2
   c - Repel Missiles                 Charms/Air                   2
   d - Flight                         Charms/Air                   3
   e - Static Discharge               Conjuration/Air              3
   f - Lightning Bolt                 Conjuration/Air              5
Comestibles
 c - 7 bread rations
 j - 4 meat rations


   Skills:
 + Level 4.0 Fighting
 + Level 1.2(2.6) Maces & Flails
 + Level 3.6(3.8) Staves
 + Level 1.2 Bows
 + Level 2.6 Throwing
 + Level 5.4 Dodging
 - Level 1.7 Stealth
 + Level 0.1 Unarmed Combat
 + Level 5.3 Spellcasting
 + Level 5.1 Conjurations
 + Level 5.8 Air Magic


You had 5 spell levels left.
You knew the following spells:

 Your Spells              Type           Power        Failure   Level  Hunger
a - Shock                 Conj/Air       ####         1%          1    None
b - Swiftness             Chrm/Air       ###.....     4%          2    None
c - Static Discharge      Conj/Air       ####....     2%          3    #......
d - Repel Missiles        Chrm/Air       ###...       4%          2    None
e - Lightning Bolt        Conj/Air       ####......   28%         5    #####..


Dungeon Overview and Level Annotations

Branches:
Dungeon (8/15)             Temple (1/1) D:6
   Lair: D:8-11

Shops:
D:7 !

Annotations:
D:4 Grinder
D:5 Eustachio
D:7 1 exclusion


Innate Abilities, Weirdness & Mutations

Your attributes are resistant to harm.


Message History

You feel sick.
The killer bee zombie completely misses you.
The sky beast closely misses you.
The killer bee zombie completely misses you.
Casting: Swiftness
Confirm with . or Enter, or press ? or * to list all spells.
The air around you crackles with electrical energy.
* * * LOW HITPOINT WARNING * * *
You feel sick.
The killer bee zombie closely misses you.
The sky beast barely misses you.
Casting: Static Discharge
Confirm with . or Enter, or press ? or * to list all spells.
The killer bee zombie is struck by lightning.
The lightning arcs!
* * * LOW HITPOINT WARNING * * *
You feel sick.
The killer bee zombie closely misses you.
The killer bee zombie hits you.
You die...

#...#........##.# #...#
#.#.#.##..#####.# #...#
#.#...##......#.# #####
#.###.###.##.##.# #.#...#
#.##.##.# ####### ..#.###
#.##..[.# #.....# ....#
#.##..[[#####.....# ..###
#.##.#).........b.# #.#
#.##.#..@Y........# #.#
#....#...Z.....#### #.####
#########...####
#....####### ###.#
####..Y.ยง..###### #.#
..########.##...# #.#
#.#.....##.##.#.###.#
#.#.###.##.##.#.....#####
..#.#...................####


You could see a sky beast and a killer bee zombie.

Vanquished Creatures
  A spriggan (D:7)
  2 insubstantial wisps (D:8)
  A sky beast (D:8)
  2 ice beasts
  A phantom (D:5)
  2 necrophages
  5 ogres
  A black bear (D:6)
  4 giant frogs
  A wyvern skeleton (D:8)
  A scorpion (D:7)
  11 killer bees
  2 jellies
  A crimson imp (D:6)
  A quasit (D:8)
  A giant frog zombie (D:8)
  A centaur zombie (D:8)
  2 goliath beetles
  A centaur skeleton (D:6)
  4 orc priests
  A hound (D:3)
  2 worker ants
  12 orc wizards
  Ijyb (D:3)
  A hound skeleton (D:7)
  11 adders
  A giant mite (D:3)
  2 worms (D:2)
  4 shadow imps
  An adder skeleton (D:5)
  5 giant geckos
  2 oozes
  32 orcs
  4 ball pythons
  A bat skeleton (D:8)
  A bat zombie (D:7)
  9 giant cockroaches
  12 goblins
  9 hobgoblins
  6 jackals
  5 quokkas
  12 bats
  A giant cockroach zombie (D:6)
  6 giant newts
  A jackal skeleton (D:7)
  8 kobolds
  15 rats
  4 ballistomycetes (D:7)
214 creatures vanquished.

Vanquished Creatures (others)
  A giant spore (D:7)
1 creature vanquished.

Grand Total: 215 creatures vanquished

Notes
Turn   | Place    | Note
--------------------------------------------------------------
     0 | D:1      | Badjas, the Demigod Air Elementalist, began the quest for the Orb.
     0 | D:1      | Reached XP level 1. HP: 14/14 MP: 3/3
    68 | D:1      | Reached skill level 1 in Conjurations
   652 | D:1      | Reached skill level 3 in Air Magic
   652 | D:1      | Reached XP level 2. HP: 12/20 MP: 1/4
   823 | D:1      | Learned a level 2 spell: Swiftness
  1316 | D:2      | Reached XP level 3. HP: 14/27 MP: 0/8
  2578 | D:3      | Reached XP level 4. HP: 21/34 MP: 0/10
  3100 | D:3      | Noticed Ijyb
  3119 | D:3      | Killed Ijyb
  3306 | D:3      | Reached XP level 5. HP: 37/39 MP: 7/12
  3311 | D:3      | Learned a level 3 spell: Static Discharge
  4317 | D:4      | Noticed Grinder
  4317 | D:4      | Paralysed by Grinder for 2 turns
  4440 | D:4      | Found a stormy altar of Qazlal.
  4572 | D:5      | Entered Level 5 of the Dungeon
  4834 | D:5      | Noticed a phantom
  4847 | D:5      | Killed a phantom
  4847 | D:5      | Reached skill level 1 in Fighting
  4847 | D:5      | Reached skill level 4 in Air Magic
  4847 | D:5      | Reached XP level 6. HP: 28/47 MP: 3/17
  4851 | D:5      | Learned a level 2 spell: Repel Missiles
  5039 | D:5      | Got a crystal quarterstaff
  5053 | D:5      | Identified the +7 quarterstaff of Ruination {freeze, SInv} (You found it on level 5 of the Dungeon)
  5112 | D:5      | Reached skill level 1 in Maces & Flails
  5331 | D:5      | Noticed Eustachio
  5623 | D:6      | Reached XP level 7. HP: 52/52 MP: 15/19
  5740 | D:6      | Reached skill level 1 in Staves
  5825 | D:6      | Reached skill level 1 in Throwing
  5837 | D:6      | Learned a level 5 spell: Lightning Bolt
  5965 | D:6      | Found a staircase to the Ecumenical Temple.
  5979 | Temple   | Entered the Ecumenical Temple
  6105 | D:6      | Reached XP level 8. HP: 42/61 MP: 11/21
  6435 | D:6      | Reached skill level 5 in Air Magic
  6790 | D:7      | Found Hiafai's Distillery.
  6974 | D:7      | Bought a potion of curing for 39 gold pieces
  7284 | D:7      | Reached skill level 5 in Spellcasting
  7392 | D:7      | Found a burning altar of Makhleb.
  7505 | D:7      | Reached skill level 5 in Conjurations
  7505 | D:7      | Reached XP level 9. HP: 69/69 MP: 20/24
  8196 | D:8      | Upgraded the game from 0.16-a0-3781-g2316936 to 0.16-a0-3803-gd4b2de5
  8224 | D:8      | Found a shimmering altar of Xom.
  8439 | D:8      | Reached skill level 1 in Bows
  8579 | D:8      | Upgraded the game from 0.16-a0-3803-gd4b2de5 to 0.16-a0-3807-g3748f16
  8699 | D:8      | Found a shattered altar of Ashenzari.
  8719 | D:8      | Reached skill level 5 in Dodging
  9616 | D:8      | HP: 3/70 [killer bee zombie (6)]
  9631 | D:8      | Slain by a killer bee zombie

Action                   |  1- 3 |  4- 6 |  7- 9 || total
-------------------------+-------+-------+-------++-------
Melee: Unarmed           |    32 |       |       ||    32
       Mace              |    50 |    60 |       ||   110
       Quarterstaff      |       |    12 |   178 ||   190
 Fire: Blowgun           |       |     4 |    25 ||    29
       Longbow           |       |       |    10 ||    10
 Cast: Shock             |    90 |   132 |    65 ||   287
       Static Discharge  |       |     4 |    20 ||    24
       Swiftness         |       |       |     2 ||     2
       Repel Missiles    |       |       |     1 ||     1
  Use: Scroll            |       |     5 |     1 ||     6
       Potion            |       |     2 |    11 ||    13
 Stab: Sleeping          |     4 |     2 |     5 ||    11
       Distracted        |       |       |     1 ||     1
  Eat: Pizza             |     1 |       |       ||     1
       Chunk             |     4 |    10 |     9 ||    23
       Meat ration       |       |       |     1 ||     1
       Fruit             |       |       |     1 ||     1
       Beef jerky        |       |       |     1 ||     1
